TOP OF THE 1ST |
Salem-Keizer Volcanoes batting - Pitching for Los Angeles (NYP) Dodgers : RHP Bon John Bovi
|
Pitching: RHP Bon John Bovi
|
|
Batting: LHB Mark Huey
|
0-0: Foul Ball, location: 2F 0-1: Ball 1-1: Foul Ball, location: 2F 1-2: Fly out, F6 (Line Drive, 6M, EV 70.0 MPH)
|
Batting: LHB Chris Raymond
|
0-0: Ball 1-0: Called Strike 1-1: Ball 2-1: Foul Ball, location: 2F 2-2: Foul Ball, location: 2F 2-2: DOUBLE (Flyball, 9LM, EV 107.5 MPH)
|
Batting: RHB Roberto Gonzalez
|
0-0: Called Strike 0-1: Ball Chris Raymond is caught stealing 3rd base 2-5 1-1: Foul Ball, location: 2F 1-2: Ball 2-2: Strikes out swinging
|
Top of the 1st over - 0 runs, 1 hit, 0 errors, 0 left on base; Salem-Keizer 0 - Los Angeles (NYP) 0 |
BOTTOM OF THE 1ST |
Los Angeles (NYP) Dodgers batting - Pitching for Salem-Keizer Volcanoes : RHP Tony Nateras
|
Pitching: RHP Tony Nateras
|
|
Batting: RHB Aaron Joseph
|
0-0: Ball 1-0: Foul Ball, location: 2F 1-1: Ball 2-1: Ground out 4-3 (Groundball, 4, EV 81.9 MPH)
|
Batting: LHB Umar Matoub
|
0-0: Ball 1-0: Fly out, F8 (Flyball, 78D, EV 101.9 MPH)
|
Batting: SHB Ray Luna
|
0-0: Called Strike 0-1: Ball 1-1: Ball 2-1: Ball 3-1: Foul Ball, location: 2F 3-2: Foul Ball, location: 2F 3-2: Foul Ball, location: 2F 3-2: Base on Balls
|
Batting: RHB Alex Melgoza
|
0-0: Ball Wild Pitch! Ray Luna to second 1-0: Foul Ball, location: 2F 1-1: Swinging Strike 1-2: Ball 2-2: Foul Ball, location: 2F 2-2: Ground out 4-3 (Groundball, 4S, EV 71.9 MPH)
|
Bottom of the 1st over - 0 runs, 0 hits, 0 errors, 1 left on base; Salem-Keizer 0 - Los Angeles (NYP) 0 |
TOP OF THE 2ND |
Salem-Keizer Volcanoes batting - Pitching for Los Angeles (NYP) Dodgers : RHP Bon John Bovi
|
Batting: LHB Adrian Navarro
|
0-0: Ball 1-0: Called Strike 1-1: Swinging Strike 1-2: Ball 2-2: Foul Ball, location: 2F 2-2: Ball 3-2: Ground out 6-3 (Groundball, 56, EV 101.9 MPH)
|
Batting: SHB Curtis Thompson
|
0-0: Ground out 6-3 (Groundball, 6, EV 88.8 MPH)
|
Batting: RHB David Bibian
|
0-0: Ball 1-0: Called Strike 1-1: Foul Ball, location: 2F 1-2: Ball 2-2: Foul Ball, location: 2F 2-2: Foul Ball, location: 2F 2-2: Foul Ball, location: 2F 2-2: Foul Ball, location: 2F 2-2: Ball 3-2: Strikes out looking
|
Top of the 2nd over - 0 runs, 0 hits, 0 errors, 0 left on base; Salem-Keizer 0 - Los Angeles (NYP) 0 |
BOTTOM OF THE 2ND |
Los Angeles (NYP) Dodgers batting - Pitching for Salem-Keizer Volcanoes : RHP Tony Nateras
|
Batting: SHB Marcos Cortez
|
0-0: Ball 1-0: Foul Ball, location: 2F 1-1: Foul Ball, location: 2F 1-2: Ball 2-2: Strikes out looking
|
Batting: RHB Geoff Musico
|
0-0: Ball 1-0: Foul Ball, location: 2F 1-1: Called Strike 1-2: Strikes out swinging
|
Batting: RHB Ingidayehu Lagat
|
0-0: Foul Ball, location: 2F 0-1: Called Strike 0-2: Strikes out swinging
|
Bottom of the 2nd over - 0 runs, 0 hits, 0 errors, 0 left on base; Salem-Keizer 0 - Los Angeles (NYP) 0 |
TOP OF THE 3RD |
Salem-Keizer Volcanoes batting - Pitching for Los Angeles (NYP) Dodgers : RHP Bon John Bovi
|
Batting: RHB Ryan Roberts
|
0-0: Ball 1-0: Foul Ball, location: 2F 1-1: Foul Ball, location: 2F 1-2: Strikes out swinging
|
Batting: RHB Andy Cunningham
|
0-0: Ball 1-0: Swinging Strike 1-1: Called Strike 1-2: Foul Ball, location: 2F 1-2: SINGLE (Line Drive, 78S, EV 108.8 MPH)
|
Batting: RHB Darius Mitchell
|
0-0: Ball Andy Cunningham steals 2nd base 1-0: SINGLE (Groundball, 56D, EV 99.4 MPH) Andy Cunningham to third Runner from 3rd tries for Home, SAFE, throw by LF to home
|
Batting: LHB Mark Huey
|
0-0: Called Strike 0-1: Ball 1-1: Fielders Choice at 2nd, 4-6 (Groundball, 4, EV 78.1 MPH)
|
Batting: LHB Chris Raymond
|
0-0: Ball 1-0: Ground out 4-3 (Groundball, 34, EV 100.6 MPH)
|
Top of the 3rd over - 1 run, 2 hits, 0 errors, 1 left on base; Salem-Keizer 1 - Los Angeles (NYP) 0 |
BOTTOM OF THE 3RD |
Los Angeles (NYP) Dodgers batting - Pitching for Salem-Keizer Volcanoes : RHP Tony Nateras
|
Batting: RHB Cory Bonham
|
0-0: Ball 1-0: Ball 2-0: Called Strike 2-1: Foul Ball, location: 2F 2-2: Ball 3-2: Base on Balls
|
Batting: RHB Yok-sing Zhào
|
0-0: Called Strike 0-1: Ball 1-1: Foul Ball, location: 2F 1-2: Foul Ball, location: 2F 1-2: Strikes out swinging
|
Batting: RHB Aaron Joseph
|
0-0: Called Strike Cory Bonham steals 2nd base 0-1: Ball 1-1: Ball Balk! Cory Bonham to third 2-1: Ball 3-1: Base on Balls
|
Batting: LHB Umar Matoub
|
0-0: Grounds out, U3 (Groundball, 3L, EV 85.6 MPH) Cory Bonham scores
|
Batting: SHB Ray Luna
|
0-0: Ball Wild Pitch! Aaron Joseph to third 1-0: Swinging Strike 1-1: Swinging Strike 1-2: Foul Ball, location: 2F 1-2: Strikes out swinging, 2-3 out at first.
|
Bottom of the 3rd over - 1 run, 0 hits, 0 errors, 1 left on base; Salem-Keizer 1 - Los Angeles (NYP) 1 |
TOP OF THE 4TH |
Salem-Keizer Volcanoes batting - Pitching for Los Angeles (NYP) Dodgers : RHP Bon John Bovi
|
Batting: RHB Roberto Gonzalez
|
0-0: Fly out, F9 (Flyball, 9D, EV 103.1 MPH)
|
Batting: LHB Adrian Navarro
|
0-0: Ball 1-0: Ground out 4-3 (Groundball, 4, EV 83.1 MPH)
|
Batting: SHB Curtis Thompson
|
0-0: Ball 1-0: Swinging Strike 1-1: SOLO HOME RUN (Flyball, 89XD, EV 105.6 MPH), Distance : 431 ft
|
Batting: RHB David Bibian
|
0-0: Ground out 4-3 (Groundball, 34, EV 88.8 MPH)
|
Top of the 4th over - 1 run, 1 hit, 0 errors, 0 left on base; Salem-Keizer 2 - Los Angeles (NYP) 1 |
BOTTOM OF THE 4TH |
Los Angeles (NYP) Dodgers batting - Pitching for Salem-Keizer Volcanoes : RHP Tony Nateras
|
Batting: RHB Alex Melgoza
|
0-0: Ball 1-0: Ball 2-0: Foul Ball, location: 2F 2-1: SINGLE (Groundball, 56D, EV 108.1 MPH)
|
Batting: SHB Marcos Cortez
|
0-0: Foul Ball, location: 2F 0-1: Hit by Pitch Alex Melgoza to second
|
Batting: RHB Geoff Musico
|
0-0: SINGLE (Groundball, 6MD, EV 95.0 MPH) Alex Melgoza to third Marcos Cortez to second
|
Batting: RHB Ingidayehu Lagat
|
0-0: Foul Ball, location: 2F 0-1: SINGLE (Groundball, 6MD, EV 108.8 MPH) Alex Melgoza scores Marcos Cortez to third Geoff Musico to second
|
Batting: RHB Cory Bonham
|
0-0: Ball 1-0: Ball 2-0: Called Strike 2-1: Grounds into fielders choice 1-2 (Groundball, 13, EV 68.1 MPH) Geoff Musico to third Ingidayehu Lagat to second
|
Batting: RHB Yok-sing Zhào
|
0-0: Foul Ball, location: 2F 0-1: Foul Ball, location: 2F 0-2: Strikes out swinging
|
Batting: RHB Aaron Joseph
|
0-0: Ball 1-0: Foul Ball, location: 2F 1-1: Foul Ball, location: 2F 1-2: Ball 2-2: Ball 3-2: Ground out 4-3 (Groundball, 4D, EV 97.5 MPH)
|
Bottom of the 4th over - 1 run, 3 hits, 0 errors, 3 left on base; Salem-Keizer 2 - Los Angeles (NYP) 2 |
TOP OF THE 5TH |
Salem-Keizer Volcanoes batting - Pitching for Los Angeles (NYP) Dodgers : RHP Bon John Bovi
|
Batting: RHB Ryan Roberts
|
0-0: Ball 1-0: Called Strike 1-1: Ball 2-1: Ball 3-1: Base on Balls
|
Batting: RHB Andy Cunningham
|
0-0: Ball 1-0: Ball Ryan Roberts steals 2nd base 2-0: Called Strike 2-1: Fly out, F8 (Flyball, 8RD, EV 103.1 MPH)
|
Batting: RHB Darius Mitchell
|
0-0: Called Strike 0-1: Foul Ball, location: 2F 0-2: Ball 1-2: Ball 2-2: Strikes out swinging
|
Batting: LHB Mark Huey
|
0-0: Called Strike 0-1: Ground out 4-3 (Groundball, 4S, EV 84.4 MPH)
|
Top of the 5th over - 0 runs, 0 hits, 0 errors, 1 left on base; Salem-Keizer 2 - Los Angeles (NYP) 2 |
BOTTOM OF THE 5TH |
Los Angeles (NYP) Dodgers batting - Pitching for Salem-Keizer Volcanoes : RHP Tony Nateras
|
Batting: LHB Umar Matoub
|
0-0: Fly out, F7 (Flyball, 7, EV 91.2 MPH)
|
Pitching: RHP François Leclerc
|
|
Batting: SHB Ray Luna
|
0-0: Swinging Strike 0-1: Foul Ball, location: 2F 0-2: Strikes out swinging
|
Batting: RHB Alex Melgoza
|
0-0: Ball 1-0: Ball 2-0: SINGLE (Groundball, 56D, EV 101.9 MPH)
|
Batting: SHB Marcos Cortez
|
0-0: Foul Ball, location: 2F 0-1: Ball Alex Melgoza steals 2nd base 1-1: Foul Ball, location: 2F 1-2: Ball 2-2: Ball 3-2: Foul Ball, location: 2F 3-2: Strikes out swinging
|
Bottom of the 5th over - 0 runs, 1 hit, 0 errors, 1 left on base; Salem-Keizer 2 - Los Angeles (NYP) 2 |
TOP OF THE 6TH |
Salem-Keizer Volcanoes batting - Pitching for Los Angeles (NYP) Dodgers : RHP Bon John Bovi
|
Batting: LHB Chris Raymond
|
0-0: Ball 1-0: Foul Ball, location: 2F 1-1: Ball 2-1: Ball 3-1: Called Strike 3-2: Base on Balls
|
Pitching: RHP Chris Oglesby
|
|
Batting: RHB Roberto Gonzalez
|
Pickoff Throw to First - Out! 1-3 CS 0-0: Swinging Strike 0-1: SINGLE (Groundball, 56S, EV 95.0 MPH)
|
Batting: LHB Adrian Navarro
|
0-0: Ball 1-0: Called Strike 1-1: Ball 2-1: Foul Ball, location: 2F 2-2: Strikes out swinging
|
Batting: SHB Curtis Thompson
|
0-0: Ball 1-0: Ball 2-0: Ball 3-0: Base on Balls Roberto Gonzalez to second
|
Batting: RHB David Bibian
|
0-0: Foul Ball, location: 2F 0-1: Ball 1-1: Ground out 5-3 (Groundball, 56S, EV 85.0 MPH)
|
Top of the 6th over - 0 runs, 1 hit, 0 errors, 2 left on base; Salem-Keizer 2 - Los Angeles (NYP) 2 |
BOTTOM OF THE 6TH |
Los Angeles (NYP) Dodgers batting - Pitching for Salem-Keizer Volcanoes : RHP François Leclerc
|
Batting: RHB Geoff Musico
|
0-0: Called Strike 0-1: Fly out, F8 (Flyball, 89M, EV 94.4 MPH)
|
Batting: RHB Ingidayehu Lagat
|
0-0: Ball 1-0: Ball 2-0: Ball 3-0: Base on Balls
|
Batting: RHB Cory Bonham
|
0-0: Foul Ball, location: 2F 0-1: Ball 1-1: Foul Ball, location: 2F 1-2: Fielders Choice at 2nd, 3-6 (Groundball, 34S, EV 85.6 MPH)
|
Pinch Hitting: LHB Ramon Padilla
|
0-0: Ball 1-0: Swinging Strike 1-1: Ball 2-1: Ball Wild Pitch! Cory Bonham to second 3-1: Base on Balls
|
Batting: RHB Aaron Joseph
|
0-0: Called Strike 0-1: Called Strike 0-2: Strikes out looking
|
Bottom of the 6th over - 0 runs, 0 hits, 0 errors, 2 left on base; Salem-Keizer 2 - Los Angeles (NYP) 2 |
TOP OF THE 7TH |
Salem-Keizer Volcanoes batting - Pitching for Los Angeles (NYP) Dodgers : RHP Chris Oglesby
|
Now in CF: Justin Van Houten
|
|
Batting: RHB Ryan Roberts
|
0-0: Ball 1-0: Ground out 5-3 (Groundball, 5, EV 100.0 MPH)
|
Pinch Hitting: LHB Jeff Alphonso
|
0-0: Ball 1-0: Ball 2-0: Fly out, F7 (Flyball, 7LM, EV 102.5 MPH)
|
Batting: RHB Darius Mitchell
|
0-0: Foul Ball, location: 2F 0-1: Foul Ball, location: 2F 0-2: Strikes out swinging
|
Top of the 7th over - 0 runs, 0 hits, 0 errors, 0 left on base; Salem-Keizer 2 - Los Angeles (NYP) 2 |
BOTTOM OF THE 7TH |
Los Angeles (NYP) Dodgers batting - Pitching for Salem-Keizer Volcanoes : RHP François Leclerc
|
Now in CF: Houston Brock
|
|
Batting: LHB Umar Matoub
|
0-0: Swinging Strike 0-1: DOUBLE (Line Drive, 78D, EV 105.6 MPH)
|
Pitching: RHP Emilio Gonzalez
|
|
Batting: SHB Ray Luna
|
0-0: Ball 1-0: Ball 2-0: Ball 3-0: Base on Balls
|
Batting: RHB Alex Melgoza
|
0-0: Ball 1-0: Ball 2-0: Ball 3-0: Foul Ball, location: 2F 3-1: Base on Balls Umar Matoub to third Ray Luna to second
|
Batting: SHB Marcos Cortez
|
0-0: Called Strike 0-1: Swinging Strike 0-2: Foul Ball, location: 2F 0-2: Ball 1-2: Strikes out swinging
|
Batting: RHB Geoff Musico
|
0-0: Called Strike 0-1: Foul Ball, location: 2F 0-2: Ball Wild Pitch! Umar Matoub scores Ray Luna to third Alex Melgoza to second 1-2: Foul Ball, location: 2F 1-2: Foul Ball, location: 2F 1-2: Strikes out swinging
|
Batting: RHB Ingidayehu Lagat
|
0-0: Ball 1-0: Called Strike 1-1: SINGLE (Groundball, 56D, EV 102.5 MPH) Ray Luna scores Alex Melgoza to third Runner from 3rd tries for Home, throw by LF and OUT! 7-2
|
Bottom of the 7th over - 2 runs, 2 hits, 0 errors, 1 left on base; Salem-Keizer 2 - Los Angeles (NYP) 4 |
TOP OF THE 8TH |
Salem-Keizer Volcanoes batting - Pitching for Los Angeles (NYP) Dodgers : RHP Chris Oglesby
|
Now at 3B: Hiroki Yamamoto
|
|
Now in CF: Ramon Vega
|
|
Now in RF: Justin Van Houten
|
|
Batting: LHB Mark Huey
|
0-0: Ball 1-0: Called Strike 1-1: Ground out 4-3 (Groundball, 4, EV 86.2 MPH)
|
Batting: LHB Chris Raymond
|
0-0: Ball 1-0: Ball 2-0: Ball 3-0: Called Strike 3-1: Base on Balls
|
Pitching: RHP Matt Radovich
|
|
Batting: RHB Roberto Gonzalez
|
0-0: Swinging Strike 0-1: Called Strike 0-2: Foul Ball, location: 2F 0-2: Ball 1-2: Strikes out swinging
|
Batting: LHB Adrian Navarro
|
0-0: Ball 1-0: Foul Ball, location: 2F 1-1: Foul Ball, location: 2F 1-2: Ball 2-2: Fly out, F8 (Flyball, 8RD, EV 85.0 MPH)
|
Top of the 8th over - 0 runs, 0 hits, 0 errors, 1 left on base; Salem-Keizer 2 - Los Angeles (NYP) 4 |
BOTTOM OF THE 8TH |
Los Angeles (NYP) Dodgers batting - Pitching for Salem-Keizer Volcanoes : RHP Emilio Gonzalez
|
Batting: RHB Cory Bonham
|
0-0: Ball 1-0: Called Strike 1-1: Called Strike 1-2: Strikes out swinging
|
Batting: RHB Justin Van Houten
|
0-0: Ball 1-0: Foul Ball, location: 2F 1-1: Foul Ball, location: 2F 1-2: Ball 2-2: Ball 3-2: Base on Balls
|
Batting: RHB Aaron Joseph
|
0-0: Ball 1-0: Called Strike 1-1: Called Strike Justin Van Houten steals 2nd base 1-2: SINGLE (Groundball, 6D, EV 108.1 MPH) Justin Van Houten to third Runner from 3rd tries for Home, SAFE, throw by CF to home
|
Pitching: LHP Randy Monaco
|
|
Batting: LHB Umar Matoub
|
0-0: Called Strike 0-1: Swinging Strike 0-2: Ball 1-2: 2-RUN HOME RUN (Flyball, 89XD, EV 109.4 MPH), Distance : 422 ft
|
Batting: SHB Ray Luna
|
0-0: Ball 1-0: Ball 2-0: Called Strike 2-1: Ball 3-1: SOLO HOME RUN (Flyball, 9LD, EV 93.8 MPH), Distance : 349 ft
|
Batting: LHB Ramon Vega
|
0-0: Ground out 4-3 (Groundball, 4, EV 79.4 MPH)
|
Batting: LHB Hiroki Yamamoto
|
0-0: Called Strike 0-1: Ball 1-1: Called Strike 1-2: Foul Ball, location: 2F 1-2: Foul Ball, location: 2F 1-2: Ball 2-2: DOUBLE (Groundball, 3L, EV 93.8 MPH)
|
Pitching: LHP Hector Jimenez
|
|
Batting: RHB Geoff Musico
|
0-0: Called Strike 0-1: Ball 1-1: Foul Ball, location: 2F 1-2: Strikes out looking
|
Bottom of the 8th over - 4 runs, 4 hits, 0 errors, 1 left on base; Salem-Keizer 2 - Los Angeles (NYP) 8 |
TOP OF THE 9TH |
Salem-Keizer Volcanoes batting - Pitching for Los Angeles (NYP) Dodgers : RHP Matt Radovich
|
Batting: SHB Curtis Thompson
|
0-0: Called Strike 0-1: Ground out 4-3 (Groundball, 13, EV 82.5 MPH)
|
Batting: RHB David Bibian
|
0-0: Foul Ball, location: 2F 0-1: Ball 1-1: Foul Ball, location: 2F 1-2: Strikes out looking
|
Batting: RHB Ryan Roberts
|
0-0: Called Strike 0-1: Ball 1-1: Called Strike 1-2: Strikes out looking
|
Top of the 9th over - 0 runs, 0 hits, 0 errors, 0 left on base; Salem-Keizer 2 - Los Angeles (NYP) 8 |
|